 Dungeon Crawl Stone Soup version 0.31-a0-486-g8d68a81214 (webtiles) character file.

Game seed: 11854126668476037206

516 randomguy2701 the Gusty (level 7, -2/36 HPs)
             Began as a Tengu Air Elementalist on Aug 8, 2023.
             Slain by a human zombie (5 damage)
             ... in an ossuary.
             The game lasted 00:12:12 (4615 turns).

randomguy2701 the Gusty (Tengu Air Elementalist)    Turns: 4615, Time: 00:12:17

Health: -2/36      AC:  3    Str:  9    XL:     7   Next: 20%
Magic:  14/14      EV: 15    Int: 17    God:
Gold:   264        SH:  0    Dex: 14    Spells: 11/15 levels left

rFire   . . .        k - +0 spear
rCold   . . .        (no shield)
rNeg    . . .        a - +0 robe
rPois   .            (helmet restricted)
rElec   .            (no cloak)
rCorr   .            r - +0 pair of gloves
SInv    .            (boots unavailable)
Will    .....        (no amulet)
Stlth   ++           (no ring)
HPRegen 0.26/turn    (no ring)
MPRegen 0.14/turn

%: no passive effects
@: flying quickly and evasively, quick
A: beak, talons 3, nimble flight
a: no special abilities


You were in an ossuary.
You visited 1 branch of the dungeon, and saw 4 of its levels.
You also visited: Ossuary.

You collected 264 gold pieces.

Inventory:

Hand Weapons
 k - a +0 spear (weapon)
Armour
 a - a +0 robe (worn)
 r - a +0 pair of gloves (worn)
Wands
 m - a wand of digging (6)
 o - a wand of flame (21)
Scrolls
 c - 5 scrolls of identify {unknown}
 d - 2 scrolls of fog {unknown}
 g - a scroll of vulnerability {unknown}
 i - 2 scrolls of brand weapon {unknown}
 l - 4 scrolls of teleportation {unknown}
 n - a scroll of noise {unknown}
 p - a scroll of immolation {unknown}
 s - a scroll of enchant weapon {unknown}
Potions
 b - a potion of magic
 e - a potion of attraction {unknown}
 f - a potion of might {unknown}
 h - a potion of degeneration {unknown}
 j - a potion of brilliance {unknown}
 q - a potion of heal wounds {unknown}


   Skills:
 + Level 0.1 Fighting
 + Level 2.7 Dodging
 + Level 2.5 Stealth
 + Level 0.1 Unarmed Combat
 + Level 4.6 Spellcasting
 + Level 5.1 Conjurations
 + Level 6.2 Air Magic


You had 11 spell levels left.
You knew the following spells:

 Your Spells              Type           Power      Damage    Failure   Level
a - Shock                 Conj/Air       92%        1d8       1%          1
b - Swiftness             Air            25%        N/A       3%          3

Your spell library contained the following spells:

 Spells                   Type           Power      Damage    Failure   Level
 Static Discharge         Conj/Air       46%        2-4/arc   2%          2
 Poisonous Vapours        Pois/Air       28%        N/A       6%          2
 Momentum Strike          Conj/Tloc      24%        3d8       8%          2
 Mephitic Cloud           Conj/Pois/Air  16%        N/A       10%         3
 Airstrike                Air            12%        2d(2-18)  12%         4
 Blink                    Tloc           6%         N/A       22%         2
 Lesser Beckoning         Tloc           6%         N/A       22%         2
 Call Canine Familiar     Summ           3%         N/A       41%         3
 Portal Projectile        Hex/Tloc       6%         N/A       41%         3
 Summon Guardian Golem    Hex/Summ       3%         N/A       41%         3
 Freezing Cloud           Conj/Ice/Air   8%         6-21      65%         5
 Leda's Liquefaction      Hex/Erth       1%         N/A       83%         4
 Manifold Assault         Tloc           3%         N/A       83%         4
 Orb of Destruction       Conj           10%        9d6       100%        7
 Spellforged Servitor     Conj/Summ      6%         N/A       100%        7


Dungeon Overview and Level Annotations

Branches:
Dungeon (4/15)            Ossuary (1/1)
 Temple: D:4-7

Altars:

Shops:
D:1 [   D:2 =


Innate Abilities, Weirdness & Mutations

You have a beak for a mouth.
You have claws for feet.
Your magical nature lets you fly swiftly and evasively.


Message History

Aiming: Shock (safe; 1% risk of failure)
Press: ? - help, Shift-Dir - straight line The zap hits the hound zombie!
The hound zombie is almost destroyed.
The zap hits the human zombie.
The human zombie is lightly damaged.
The hound zombie misses you.
You are too injured to fight recklessly!
Casting: Shock (safe; 1% risk of failure)
Confirm with . or Enter, or press ? or * to list all spells.
Aiming: Shock (safe; 1% risk of failure)
Press: ? - help, Shift-Dir - straight line The zap hits the hound zombie.
You destroy the hound zombie!
The zap hits the human zombie.
The human zombie is lightly damaged.
Your Conjurations skill increases to level 5!
Casting: Shock (safe; 1% risk of failure)
Confirm with . or Enter, or press ? or * to list all spells.
Aiming: Shock (safe; 1% risk of failure)
Press: ? - help, Shift-Dir - straight line The zap hits the orc zombie.
The orc zombie is severely damaged.
The zap misses the human zombie.
The orc zombie closely misses you.
Casting: Shock (safe; 1% risk of failure)
Confirm with . or Enter, or press ? or * to list all spells.
Aiming: Shock (safe; 1% risk of failure)
Press: ? - help, Shift-Dir - straight line The zap hits the orc zombie!
You destroy the orc zombie!
The zap hits the human zombie.
The human zombie is lightly damaged.
You no longer feel sluggish.
You barely miss the human zombie. You claw the human zombie.
You peck the human zombie.
The human zombie is lightly damaged.
The human zombie hits you.
* * * LOW HITPOINT WARNING * * *
Magic courses through your body. The human zombie hits you.
You die...

###################
...∩...........#$$#
...Z..........ZZ@$#
.#####.........####
..................#
..................#
...........##.....#
...........##.....#
..................#
.......Z..........#
...............#..#


You could see 2 human zombies.

Vanquished Creatures
  Sigmund (D:3)
  An ogre (D:4)
  4 hound zombies (Ossuary)
  Robin (D:3)
  5 gnolls
  6 adders
  An adder zombie (Ossuary)
  2 worms (D:2)
  A dart slug (D:2)
  5 orcs (D:3)
  9 endoplasms
  4 giant cockroaches
  10 goblins
  8 hobgoblins
  2 jackals (D:1)
  8 kobolds
  3 quokkas
  11 ball pythons
  4 bats
  2 frilled lizards (D:1)
  A hobgoblin zombie (Ossuary)
  An orc zombie (Ossuary)
  7 rats
97 creatures vanquished.

Notes
Turn   | Place    | Note
-------+----------+-------------------------------------------
     0 | D:1      | randomguy2701 the Tengu Air Elementalist began the quest
                  | for the Orb.
     0 | D:1      | Reached XP level 1. HP: 10/10 MP: 4/4
   328 | D:1      | Reached XP level 2. HP: 15/15 MP: 0/6
   734 | D:1      | Found Soasaum's Armour Shop.
   877 | D:1      | Reached XP level 3. HP: 19/19 MP: 3/7
  1455 | D:2      | Found a faded altar of an unknown god.
  1594 | D:2      | Reached XP level 4. HP: 24/24 MP: 6/9
  1858 | D:2      | Reached skill level 5 in Air Magic
  2093 | D:2      | Found Wosao's Jewellery Boutique.
  2560 | D:2      | Gained mutation: Your magical nature lets you fly swiftly
                  | and evasively. [Tengu growth]
  2560 | D:2      | Reached XP level 5. HP: 28/28 MP: 3/11
  2965 | D:3      | Noticed Sigmund
  3247 | D:3      | Killed Sigmund
  3248 | D:3      | Reached XP level 6. HP: 11/32 MP: 4/13
  3537 | D:3      | Noticed Robin
  3542 | D:3      | Killed Robin
  4279 | D:3      | Learned a level 3 spell: Swiftness
  4491 | D:4      | Reached skill level 6 in Air Magic
  4491 | D:4      | Reached XP level 7. HP: 36/36 MP: 7/14
  4515 | D:4      | Found a sand-covered staircase.
  4521 | Ossuary  | Entered an ossuary
  4612 | Ossuary  | Reached skill level 5 in Conjurations
  4615 | Ossuary  | Slain by a human zombie

Illustrated notes

Levels and vault maps discovered:
D:1:      dpeg_arrival_simpleton_c, layout_basic, serial_shops,
          nicolae_shop_tiny_glass, minmay_indecisive_spiral
D:2:      layout_basic, serial_shops, nicolae_shop_back_alley_shop,
          basic_ecumenical_altar, skrybe_limestone_x, hangedman_decor_growths
D:3:      layout_loops_ring, minmay_misc_feat_x, corexii_hall_statues_t,
          uniq_robin, uniq_sigmund
D:4:      layout_basic, nicolae_ossuary_entry_plus, minmay_unequal
Ossuary:  ossuary_minmay_tomb_2a

Skill      XL: |  1  2  3  4  5  6  7 |
---------------+----------------------+-----
Conjurations   | 2 3 4 5 |  5.1
Air Magic      | 5 6 |  6.2
Spellcasting   | 3 4 |  4.6
Fighting       | |  0.1
Dodging        | |  2.7
Stealth        | |  2.5
Unarmed Combat | |  0.1

Action                     |  1- 3 |  4- 6 |  7- 9 || total
---------------------------+-------+-------+-------++-------
  Melee: Unarmed           |    13 |       |       ||    13
         Kick              |     3 |       |     4 ||     7
         Spear             |       |       |     9 ||     9
         Peck              |       |       |     2 ||     2
   Cast: Shock             |    69 |   150 |    16 ||   235
         Swiftness         |       |       |     2 ||     2
  Evoke: Wand              |       |       |     2 ||     2
    Use: Potion            |       |       |     1 ||     1
 Armour: Robe              |     5 |     5 |     8 ||    18
  Dodge: Dodged            |    17 |    29 |    41 ||    87

Table legend: (Time is in decaauts)
 A = Elapsed time spent in this place.
 B = Non-inter-level travel time spent in this place.
 C = Inter-level travel time spent in this place.
 D = Time resting spent in this place.
 E = Time spent auto-exploring this place.
 F = Levels seen in this place.
 G = Mean time per level.
                   A        B        C        D        E       F      G
               +--------+--------+--------+--------+--------+-----+--------+
         Total |   4492 |   4324 |    168 |      0 |   3557 |   5 |  898.4 |
       Dungeon |   4410 |   4242 |    168 |      0 |   3557 |   4 | 1102.5 |
       Ossuary |     81 |     81 |      0 |      0 |      0 |   1 |   81.0 |
               +--------+--------+--------+--------+--------+-----+--------+

Top non-repeatable levels by time:
     D:2: 1563 daAuts
     D:1: 1461 daAuts
     D:3: 1263 daAuts
     D:4: 122 daAuts
 Ossuary: 81 daAuts
